 Dungeon Crawl Stone Soup version 0.25-a0-424-g80bd347ae0 (webtiles) character file.

Game seed: 13995558837152479182, levelgen mode: deterministic

77 Nattfarinn the Insei (level 4, 0/33 HPs)
             Began as a Merfolk Transmuter on Jan 23, 2020.
             Slain by an adder (5 damage)
             ... on level 2 of the Dungeon.
             The game lasted 00:02:31 (1618 turns).

Nattfarinn the Insei (Merfolk Transmuter)           Turns: 1618, Time: 00:02:31

Health: 0/33       AC:  2    Str: 10    XL:     4   Next: 33%
Magic:  7/7        EV: 13    Int: 13    God:
Gold:   43         SH:  0    Dex: 14    Spells: 6/7 levels left

rFire    . . .     SeeInvis .   e - +0 hand axe (elec)
rCold    . . .     Gourm    .   (no shield)
rNeg     . . .     Faith    .   b - +0 robe
rPois    .         Spirit   .   (no helmet)
rElec    .         Reflect  .   (no cloak)
rCorr    .         Harm     .   (no gloves)
MR       .....                  (no boots)
Stlth    ++........             (no amulet)
HPRegen  0.11/turn              (no ring)
MPRegen  0.10/turn              m - ring of stealth

@: lethally poisoned (0 -> -1)
A: change form in water, swift swim, stealthy swim
a: no special abilities


You were on level 2 of the Dungeon.
You were not hungry.

You visited 1 branch of the dungeon, and saw 2 of its levels.

You collected 43 gold pieces.

Inventory:

Hand Weapons
 e - a +0 hand axe of electrocution (weapon)
Missiles
 a - 37 arrows
Armour
 b - a +0 robe (worn)
Jewellery
 m - a ring of stealth (right hand)
Scrolls
 f - 2 scrolls of immolation {unknown}
 i - a scroll of noise {unknown}
 j - a scroll of random uselessness {unknown}
 l - 3 scrolls of identify {unknown}
 n - a scroll of remove curse
 o - a scroll of fear {unknown}
Potions
 c - 3 potions of berserk rage {unknown}
 h - 2 potions of curing {unknown}
 k - 2 potions of agility {unknown}
Comestibles
 d - a ration
 g - 2 chunks of flesh


   Skills:
 + Level 2.0 Fighting
 + Level 3.3 Dodging
 + Level 4.1 Unarmed Combat
 + Level 2.4 Spellcasting
 * Level 3.4 Transmutations


You had 6 spell levels left.
You knew the following spells:

 Your Spells              Type           Power        Failure   Level  Hunger
a - Beastly Appendage     Tmut           ##....       6%          1    #......

Your spell library contained the following spells:

 Spells                   Type           Power        Failure   Level  Hunger
 Sticks to Snakes         Tmut           ##......     9%          2    ###....
 Spider Form              Tmut/Pois      #.........   34%         3    ###....
 Ice Form                 Ice/Tmut       #.......     75%         4    #####..
 Blade Hands              Tmut           ##........   85%         5    ######.


Dungeon Overview and Level Annotations

Branches:
Dungeon (2/15)

Altars:


Message History

a +0 dagger; a kobold corpse An adder comes into view.
An adder is nearby!
The adder hisses angrily.
The adder bites you.
You closely miss the adder. The adder misses you. The adder closely misses you.
You closely miss the adder. The adder bites you.
You are poisoned.
The adder poisons you! The adder bites you.
You closely miss the adder.
You feel sick. The adder misses you.
You hit the adder but do no damage. The adder bites you. The adder misses you.
You closely miss the adder.
You feel sick. The adder bites you. The adder closely misses you.
You are too injured to fight recklessly!
You closely miss the adder. The adder bites you but does no damage.
You closely miss the adder. The adder bites you. x2
You closely miss the adder.
You feel sick. The adder bites you.
* * * LOW HITPOINT WARNING * * *
The adder bites you.
You die...

#.............# #.
#####.#.#####.#..
#.
.......).........
#####.#.####....
................ .
#####.#.####.##...
#.#.#....#....
#............#
#.....@S......
#...########.#
#..........
#..###.#### #.. #
##. #. #. ##


You could see an adder.

Vanquished Creatures
  3 adders (D:2)
  An ooze (D:1)
  A dart slug (D:1)
  5 leopard geckos
  A ball python (D:2)
  8 bats
  5 goblins (D:1)
  4 hobgoblins
  3 kobolds
  3 frilled lizards
  3 rats
37 creatures vanquished.

Notes
Turn   | Place    | Note
-------+----------+-------------------------------------------
     0 | D:1      | Nattfarinn the Merfolk Transmuter began the quest for the
                  | Orb.
     0 | D:1      | Reached XP level 1. HP: 15/15 MP: 3/3
   125 | D:1      | Reached XP level 2. HP: 21/21 MP: 5/5
   549 | D:1      | Reached XP level 3. HP: 26/26 MP: 6/6
   857 | D:2      | Reached skill level 4 in Unarmed Combat
  1088 | D:2      | Reached XP level 4. HP: 33/33 MP: 7/7
  1618 | D:2      | Slain by an adder

Levels and vault maps discovered:
D:1:      evilmike_arrival_plus, layout_basic
D:2:      layout_basic, minmay_nonomino_d4

Skill      XL: |  1  2  3  4 |
---------------+-------------+-----
Transmutations | 3 |  3.4
Dodging        | 3 |  3.3
Unarmed Combat | 4 |  4.1
Fighting       | 2 |  2.0
Spellcasting   | |  2.4

Action                   |  1- 3 |  4- 6 || total
-------------------------+-------+-------++-------
Melee: Hand axe          |    66 |    28 ||    94
       Punch             |     1 |       ||     1
  Use: Scroll            |     1 |       ||     1
 Stab: Sleeping          |     8 |     1 ||     9
  Eat: Chunk             |       |     2 ||     2
Armor: Robe              |     7 |     3 ||    10
Dodge: Dodged            |    61 |    20 ||    81

Table legend:
 A = Non-vault XP
 B = Vault XP
 C = Vault XP percentage of total XP
 D = Non-vault monster count
 E = Vault monster count
 F = Vault count percentage of total count
                 A         B        C        D         E       F
            +---------+---------+-------+---------+---------+-------
      Total |     110 |       0 |   0.0 |      37 |       0 |   0.0
            +---------+---------+-------+---------+---------+-------
        D:1 |      48 |       0 |   0.0 |      23 |       0 |   0.0
        D:2 |      62 |       0 |   0.0 |      14 |       0 |   0.0
            +---------+---------+-------+---------+---------+-------
